 Dungeon Crawl Stone Soup version 0.31-a0-222-gefeffbb62a (webtiles) character file.

Game seed: 4546398708012466339

58 qw the Shooter (level 4, 0/26 HPs)
             Began as a Gargoyle Hexslinger on July 4, 2023.
             Slain by Terence
             ... wielding a +0 flail
              (8 damage)
             ... on level 3 of the Dungeon.
             The game lasted 00:00:32 (1825 turns).

qw the Shooter (Gargoyle Hexslinger)                Turns: 1825, Time: 00:00:33

Health: 0/26       AC:  8    Str: 10 (12) XL:     4   Next: 2%
Magic:  5/5        EV: 10    Int: 12 (13) God:
Gold:   115        SH:  0    Dex: 12 (14) Spells: 4/5 levels left

rFire   . . .        Y - +1 sling
rCold   . . .        (no shield)
rNeg    + . .        f - +0 ring mail
rPois   inf          (no helmet)
rElec   +            (no cloak)
rCorr   .            (no gloves)
SInv    .            (no boots)
Will    .....        (no amulet)
Stlth   +            (no ring)
HPRegen 0.24/turn    (no ring)
MPRegen 0.09/turn

%: no passive effects
@: no status effects
A: sickness immunity, AC +3, negative energy resistance 1, electricity
resistance, torment resistance 1, petrification resistance
a: no special abilities


You were on level 3 of the Dungeon.
You visited 1 branch of the dungeon, and saw 3 of its levels.

You collected 115 gold pieces.


Innate Abilities, Weirdness & Mutations

You are immune to sickness and miasma.
Your stone body is resilient. (AC +3)
You are immune to poison.
You resist negative energy. (rN+)
You are resistant to electric shocks. (rElec)
You are resistant to unholy torment.
You are immune to petrification.


   Skills:
 - Level 2.0 Fighting
 + Level 3.8 Ranged Weapons
 - Level 1.5 Dodging
 - Level 1.0 Spellcasting
 - Level 2.6 Hexes


You had 4 spell levels left.
You knew the following spells:

 Your Spells              Type           Power      Damage    Failure   Level
a - Slow                  Hex            28%        N/A       26%         1

Your spell library contained the following spells:

 Spells                   Type           Power      Damage    Failure   Level
 Inner Flame              Hex/Fire       3%         N/A       80%         3
 Portal Projectile        Hex/Tloc       6%         N/A       80%         3
 Cause Fear               Hex            3%         N/A       95%         4

Inventory:

Hand Weapons
 Y - a +1 sling (weapon)
Armour
 f - a +0 ring mail (worn)
Scrolls
 e - a scroll of identify
Potions
 a - a potion of mutation {unknown}
 d - a potion of enlightenment

Dungeon Overview and Level Annotations

Branches:
Dungeon (3/15)

Altars:
Hepliaklqana

Annotations:
D:3 Terence


Message History

You shoot a sling bullet. The sling bullet hits the kobold.
The kobold is severely wounded.
The kobold hits you but does no damage.
You shoot a sling bullet.
The sling bullet hits the kobold but does no damage.
The kobold is severely wounded.
The kobold hits you but does no damage.
You shoot a sling bullet. The sling bullet hits the kobold.
You kill the kobold!
Found a hazy altar of Hepliaklqana.
You open the door.
There is an open door here.
Found a stone staircase leading down.
Enter note:
a - a bubbling clear potion
Enter note: You open the door.
Terence the Incautious comes into view.
He is wielding a +0 flail.
Terence shouts!
Enter note: You shoot a sling bullet.
The sling bullet hits Terence but does no damage.
You shoot a sling bullet. The sling bullet barely misses Terence.
You shoot a sling bullet. The sling bullet barely misses Terence.
You shoot a sling bullet.
The sling bullet hits Terence but does no damage.
You shoot a sling bullet. The sling bullet barely misses Terence.
Terence hits you with a +0 flail!
You shoot a sling bullet. The sling bullet hits Terence!
Terence is moderately wounded.
Terence closely misses you. Terence hits you with a +0 flail!
You shoot a sling bullet. The sling bullet hits Terence.
Terence is moderately wounded.
Terence hits you but does no damage.
You shoot a sling bullet.
The sling bullet closely misses Terence.
Terence closely misses you.
You shoot a sling bullet. The sling bullet barely misses Terence.
Terence hits you with a +0 flail. Terence hits you with a +0 flail!
You die...

... ... ... #.# #.#
#.# #.# #.# ##@##
#.# ##.@.## #.#
##.....## #.###
##.......## #.#.##
#.........###....##
+>........'.......#
#.........####...##
##.......## ##..#
##.....## ###.#
##...## #...###


You could see Terence.

Vanquished Creatures
  2 adders (D:2)
  2 dart slugs
  9 ball pythons
  An endoplasm (D:2)
  2 giant cockroaches (D:1)
  A hobgoblin (D:2)
  A quokka (D:2)
  4 bats
  2 frilled lizards
  4 goblins
  3 kobolds
  8 rats
39 creatures vanquished.

Notes
Turn   | Place    | Note
-------+----------+-------------------------------------------
     0 | D:1      | qw the Gargoyle Hexslinger began the quest for the Orb.
     0 | D:1      | Reached XP level 1. HP: 12/12 MP: 2/2
     0 | D:1      | 0 ||| qw: Version: 0.3-a-46-gb1f654a
     0 | D:1      | 0 ||| qw: Game counter: 912
     0 | D:1      | 0 ||| qw: Melee chars always use a shield: true
     0 | D:1      | 0 ||| qw: God list: Okawaru
     0 | D:1      | 0 ||| qw: Allow faded altars: false
     0 | D:1      | 0 ||| qw: Do Orc after clearing Dungeon:15 true
     0 | D:1      | 0 ||| qw: Do second Lair branch before Depths: true
     0 | D:1      | 0 ||| qw: Lair rune preference: random
     0 | D:1      | 0 ||| qw: Goals: Normal
     0 | D:1      | 0 ||| PLANNING D:1-11
   181 | D:1      | Reached XP level 2. HP: 16/16 MP: 3/3
   288 | D:1      | Found a faded altar of an unknown god.
   395 | D:1      | Reached skill level 3 in Ranged Weapons
   813 | D:1      | 813 ||| UPGRADING to +0 ring mail.
   823 | D:1      | 823 ||| DROPPING +0 robe.
   824 | D:1      | 824 ||| READING scroll labelled DAURIUH JIPP.
   825 | D:1      | 825 ||| READING scroll labelled LICRODE RESCHO.
   826 | D:1      | 826 ||| READING scroll labelled QOEKKO APUA.
   827 | D:1      | 827 ||| DROPPING scroll of poison.
  1002 | D:2      | Reached XP level 3. HP: 21/21 MP: 4/4
  1690 | D:2      | 1690 ||| READING scroll labelled BOAPHU CUWOUCH.
  1691 | D:2      | 1691 ||| READING 2 scrolls labelled QOQIMU BILATRU.
  1692 | D:2      | 1692 ||| DRINKING 2 bubbling golden potions.
  1693 | D:2      | 1693 ||| READING 2 scrolls of identify.
  1693 | D:2      | 1693 ||| IDENTIFYING red potion
  1694 | D:2      | 1694 ||| DROPPING potion of degeneration.
  1695 | D:2      | 1695 ||| DROPPING scroll of blinking.
  1748 | D:3      | Reached XP level 4. HP: 26/26 MP: 5/5
  1774 | D:3      | Found a hazy altar of Hepliaklqana.
  1816 | D:3      | Noticed Terence
  1825 | D:3      | Slain by Terence

Levels and vault maps discovered:
D:1:      minmay_arrival_glassed_features, layout_basic,
          chequers_ecumenical_altar_grove, roderic_lattice_a
D:2:      layout_loops_corners, nicolae_eternal_life, kennysheep_generic_room_10
D:3:      layout_loops_corners, elyvilon_altar_5, lemuel_round_altar,
          minmay_misc_feat_five, minmay_misc_feat_room, uniq_terence

Skill      XL: |  1  2 |
---------------+-------+-----
Ranged Weapons | 3 |  3.8
Fighting       | 2 |  2.0
Dodging        | |  1.5
Spellcasting   | |  1.0
Hexes          | |  2.6

Action                     |  1- 3 |  4- 6 || total
---------------------------+-------+-------++-------
   Fire: Sling             |    96 |    13 ||   109
    Use: Scroll            |     6 |       ||     6
         Potion            |     1 |       ||     1
 Armour: Robe              |     9 |       ||     9
         Ring mail         |    12 |     3 ||    15
  Dodge: Dodged            |    22 |     2 ||    24

Table legend:
 A = Non-vault XP
 B = Vault XP
 C = Vault XP percentage of total XP
 D = Non-vault monster count
 E = Vault monster count
 F = Vault count percentage of total count
                 A         B        C        D         E       F
            +---------+---------+-------+---------+---------+-------
      Total |      71 |      13 |  15.5 |      38 |       1 |   2.6
            +---------+---------+-------+---------+---------+-------
        D:1 |      28 |       0 |   0.0 |      20 |       0 |   0.0
        D:2 |      34 |      13 |  27.7 |      14 |       1 |   6.7
        D:3 |       9 |       0 |   0.0 |       4 |       0 |   0.0
            +---------+---------+-------+---------+---------+-------
